 Dungeon Sprint DCSS version 0.28-a0-422-gd71735cc25 (webtiles) character file.

Game seed: 12004050794020546401

303 Lochraine the Basher (level 6, -7/102 HPs)
             Began as a Minotaur Berserker on Sept 8, 2021.
             Was a Believer of Trog.
             Succumbed to Sonja's poison
             ... in the Dungeon (Sprint I: "Red Sonja").
             The game lasted 00:01:11 (655 turns).

Lochraine the Basher (Minotaur Berserker)            Turns: 655, Time: 00:01:11

Health: -7/102     AC:  2    Str: 22    XL:     6   Next: 15%
Magic:  5/5        EV: 12    Int:  4    God:    Trog [**....]
Gold:   191        SH:  0    Dex: 11    Spells: 5/5 levels left

rFire   . . .      SeeInvis .   a - +0 mace
rCold   . . .      Faith    .   (no shield)
rNeg    . . .      Spirit   .   b - +0 animal skin
rPois   .          Reflect  .   (helmet restricted)
rElec   .          Harm     .   (no cloak)
rCorr   .          Rampage  .   (no gloves)
Will    .....      NoTele   +   (no boots)
Stlth   ..........              (no amulet)
HPRegen 0.27/turn               (no ring)
MPRegen 0.09/turn               (no ring)

@: berserking, lethally poisoned (-7 -> -85), hasted, very quick
A: horns 2, retaliatory headbutt
a: Renounce Religion, Berserk, Trog's Hand


You were in the Dungeon.
You worshipped Trog.
Trog was pleased with you.
You visited 1 branch You collected 191 gold pieces.

Inventory:

Hand Weapons
 a - a +0 mace (weapon)
Armour
 b - a +0 animal skin (worn)
Scrolls
 h - a scroll of blinking
Potions
 c - a potion of curing {@q1}
 d - a potion of heal wounds {@q2}
 f - 2 potions of magic
 i - 3 potions of degeneration {unknown}


   Skills:
 + Level 11.3 Fighting
 + Level 11.3 Maces & Flails
 - Level 2.4 Armour
 - Level 2.1 Dodging


You had 5 spell levels left.
You didn't know any spells.
Your spell library was empty.

Dungeon Overview and Level Annotations

Branches:
Dungeon (1/1)

Altars:
Sif Muna
Vehumet
Wu Jian

Annotations:
D Sonja


Innate Abilities, Weirdness & Mutations

You have a pair of horns on your head.
You reflexively headbutt those who attack you in melee.


Message History

You feel yourself moving faster!
You feel mighty!
Sonja hits you with a +1 short sword of venom!
Sonja hits you with a +1 short sword of venom.
You are poisoned.
Sonja hits you with a +1 short sword of venom.
You are more poisoned.
You completely miss Sonja.
You feel very sick. Sonja closely misses you.
Sonja hits you with a +1 short sword of venom.
You are more poisoned.
Sonja closely misses you.
You hit Sonja.
You feel very sick.
Sonja bows elegantly.
Sonja closely misses you. You furiously retaliate!
You headbutt Sonja!
Sonja hits you with a +1 short sword of venom.
Sonja closely misses you.
You barely miss Sonja.
You feel very sick.
Sonja hits you with a +1 short sword of venom!
* * * LOW HITPOINT WARNING * * *
You are more poisoned.
Sonja hits you with a +1 short sword of venom.
* * * LOW HITPOINT WARNING * * *
You are more poisoned.
Sonja barely misses you. x2
Sonja hits you with a +1 short sword of venom.
* * * LOW HITPOINT WARNING * * *
You are lethally poisoned!
Sonja hits you with a +1 short sword of venom.
* * * LOW HITPOINT WARNING * * *
You are more poisoned.
Unknown command.
Unknown command.
Unknown command.
You completely miss Sonja.
* * * LOW HITPOINT WARNING * * *
You feel extremely sick.
Sonja hits you with a +1 short sword of venom.
* * * LOW HITPOINT WARNING * * *
Sonja hits you with a +1 short sword of venom.
* * * LOW HITPOINT WARNING * * *
You are more poisoned.
Sonja hits you with a +1 short sword of venom!
* * * LOW HITPOINT WARNING * * *
You are more poisoned.
You barely miss Sonja. Your headbutt misses Sonja.
You feel yourself speed up.
You die...

#<.#..)..#.)'..#
#..').#..'..#..+
#..#####'#####'#
#..# #..# #.#
#..# #### ##.#
#..# #+#_.+ #⌠⌠#
+..._# ####
#_.#K# ##'#@#
#K### $.$ $.$
##.## #+#


You could see Sonja.

Vanquished Creatures
  Sigmund (D)
  An ogre (D)
  A jelly (D)
  Ijyb (D)
4 creatures vanquished.

Notes
Turn   | Place    | Note
-------+----------+-------------------------------------------
     0 | D        | Lochraine the Minotaur Berserker began the quest for the
                  | Orb.
     0 | D        | Reached XP level 1. HP: 19/19 MP: 0/0
     1 | D        | Noticed Ijyb
     8 | D        | Killed Ijyb
     9 | D        | Reached XP level 2. HP: 30/30 MP: 1/1
   103 | D        | Noticed an ogre
   107 | D        | Killed an ogre
   108 | D        | Reached XP level 3. HP: 31/41 MP: 2/2
   108 | D        | Reached XP level 4. HP: 37/49 MP: 3/3
   257 | D        | Noticed Sigmund
   262 | D        | Killed Sigmund
   262 | D        | Reached ** piety under Trog
   263 | D        | Reached XP level 5. HP: 60/60 MP: 4/4
   263 | D        | Reached XP level 6. HP: 68/68 MP: 5/5
   429 | D        | Found a shimmering blue altar of Sif Muna.
   430 | D        | Found an ornate altar of the Wu Jian Council.
   435 | D        | Found a radiant altar of Vehumet.
   644 | D        | Noticed Sonja
   655 | D        | Succumbed to Sonja's poison

Illustrated notes

Levels and vault maps discovered:
D:        dungeon_sprint_1 [red_sonja_temple_1, red_sonja_temple_small_1]

Skill      XL: |  1  2  3  4 |
---------------+-------------+-----
Fighting       | 6 8 11 | 11.3
Maces & Flails | 6 8 11 | 11.3
Armour         | |  2.4
Dodging        | |  2.1

Action                   |  1- 3 |  4- 6 || total
-------------------------+-------+-------++-------
Melee: Mace              |     8 |     9 ||    17
       Headbutt          |     2 |       ||     2
Invok: Berserk           |     2 |     2 ||     4
  Use: Potion            |       |     2 ||     2
 Stab: Sleeping          |       |     1 ||     1
Dodge: Dodged            |       |     9 ||     9

Table legend: (Time is in decaauts)
 A = Elapsed time spent in this place.
 B = Non-inter-level travel time spent in this place.
 C = Inter-level travel time spent in this place.
 D = Time resting spent in this place.
 E = Time spent auto-exploring this place.
 F = Levels seen in this place.
 G = Mean time per level.
                   A        B        C        D        E       F      G
               +--------+--------+--------+--------+--------+-----+--------+
         Total |    694 |    694 |      0 |    625 |      0 |   1 |  694.0 |
       Dungeon |    694 |    694 |      0 |    625 |      0 |   1 |  694.0 |
               +--------+--------+--------+--------+--------+-----+--------+

Top non-repeatable levels by time:
       D: 694 daAuts
